 Dungeon Crawl Stone Soup version 0.29-a0-1027-gcd8c55af63 (webtiles) character file.

Game seed: 801253257866234530

133 Ijustatesigmund the Digger (level 4, -9/24 HPs)
             Began as a Deep Elf Earth Elementalist on Aug 12, 2022.
             Killed by nerve-wracking pain
             ... invoked by Grinder
              (14 damage)
             ... on level 4 of the Dungeon.
             The game lasted 00:10:40 (3390 turns).

Ijustatesigmund the Digger (DEEE)                   Turns: 3390, Time: 00:10:41

Health: -9/24      AC:  3    Str:  5    XL:     4   Next: 93%
Magic:  1/12       EV: 13    Int: 22    God:
Gold:   51         SH:  0    Dex: 15    Spells: 5/11 levels left

rFire   . . .      SeeInvis .   e - +1 short sword
rCold   . . .      Faith    .   (no shield)
rNeg    . . .      Spirit   .   a - +0 robe
rPois   .          Reflect  .   (no helmet)
rElec   .          Harm     .   c - +0 cloak
rCorr   .          Rampage  .   (no gloves)
Will    .....                   (no boots)
Stlth   ++........              k - amulet of the acrobat
HPRegen 0.08/turn               (no ring)
MPRegen 0.13/turn               (no ring)

@: very slightly contaminated
A: no striking features
a: no special abilities


You were on level 4 of the Dungeon.
You visited 1 branch of the dungeon, and saw 4 of its levels.

You collected 131 gold pieces.
You spent 80 gold pieces at shops.

Inventory:

Hand Weapons
 e - a +1 short sword (weapon)
Missiles
 f - 8 poisoned darts
Armour
 a - a +0 robe (worn)
 c - a +0 cloak (worn)
Jewellery
 k - an amulet of the acrobat (around neck)
Wands
 l - a wand of digging (8)
Scrolls
 o - a scroll of magic mapping
Potions
 b - a potion of magic
 d - 2 potions of cancellation
 g - a potion of attraction
 h - 2 potions of flight
 i - a potion of resistance
 m - a potion of mutation {unknown}
 n - a potion of haste {unknown}


   Skills:
 + Level 0.7 Fighting
 + Level 0.8 Short Blades
 - Level 3.2 Dodging
 - Level 2.4 Stealth
 + Level 4.2 Spellcasting
 * Level 2.2 Conjurations
 - Level 1.1 Transmutations
 + Level 4.2 Earth Magic


You had 5 spell levels left.
You knew the following spells:

 Your Spells              Type           Power      Damage    Failure   Level
a - Sandblast             Erth           46%        2d11      1%          1
b - Stone Arrow           Conj/Erth      38%        3d9       9%          3
c - Passwall              Tmut/Erth      13%        N/A       5%          2

Your spell library contained the following spells:

 Spells                   Type           Power      Damage    Failure   Level
 Petrify                  Tmut/Erth      16%        N/A       36%         4


Dungeon Overview and Level Annotations

Branches:
Dungeon (4/15)
 Temple: D:4-7

Altars:

Shops:
D:3 (!**=

Annotations:
D:4 Grinder


Message History

Press: ? - help, Shift-Dir - straight line, f/p - Grinder
Aim: Grinder (64% to hit)
The stone arrow hits Grinder!!
Grinder is heavily wounded.
Casting: Stone Arrow (quite dangerous; 9% risk of failure)
Confirm with . or Enter, or press ? or * to list all spells.
The spell is quite dangerous to miscast (9% risk of failure)!
Continue anyway?
Okay, then.
Casting: Stone Arrow (quite dangerous; 9% risk of failure)
Confirm with . or Enter, or press ? or * to list all spells.
The spell is quite dangerous to miscast (9% risk of failure)!
Continue anyway?
Aiming: Stone Arrow (quite dangerous; 9% risk of failure)
Press: ? - help, Shift-Dir - straight line, f/p - Grinder
Aim: Grinder (heavily wounded, 64% to hit)
The stone arrow hits Grinder!
Grinder is almost dead.
Casting: Stone Arrow (quite dangerous; 9% risk of failure)
Confirm with . or Enter, or press ? or * to list all spells.
Aiming: Sandblast (safe; 1% risk of failure)
Press: ? - help, Shift-Dir - straight line, f/p - Grinder
Aim: Grinder (almost dead, 81% to hit)
The blast of sand hits Grinder.
Grinder is almost dead.
Grinder hits you!
You writhe in agony.
Grinder gestures at you. Pain shoots through your body!
* * * LOW HITPOINT WARNING * * *
Casting: Sandblast (safe; 1% risk of failure)
Confirm with . or Enter, or press ? or * to list all spells.
The spell is quite dangerous to miscast (9% risk of failure)!
Continue anyway?
Aiming: Stone Arrow (quite dangerous; 9% risk of failure)
Press: ? - help, Shift-Dir - straight line, f/p - Grinder
Aim: Grinder (almost dead, 64% to hit)
You miscast Stone Arrow.
You are very lightly contaminated with residual magic.
Nothing appears to happen.
Grinder gestures at you. Pain shoots through your body!
Ouch! That really hurt!
You die...

.......
##+##.......
#.........#
#.........#
#.....)...#
#.........+
#.........#
#...5.....# #
###@###+###.
#.##......
#.##...####
#####......##<#
#..........##.#
................#
............#####
.......##+#'#######
.......#..........#


You could see Grinder.

Vanquished Creatures
  A hound (D:3)
  2 adders (D:3)
  A worm (D:2)
  An orc (D:3)
  8 endoplasms
  A giant cockroach (D:1)
  10 hobgoblins
  7 jackals
  4 quokkas
  9 ball pythons
  3 bats
  4 frilled lizards
  3 goblins
  5 kobolds
  22 rats
81 creatures vanquished.

Notes
Turn   | Place    | Note
-------+----------+-------------------------------------------
     0 | D:1      | Ijustatesigmund the Deep Elf Earth Elementalist began the
                  | quest for the Orb.
     0 | D:1      | Reached XP level 1. HP: 10/10 MP: 6/6
   106 | D:1      | Found a faded altar of an unknown god.
   272 | D:1      | Reached XP level 2. HP: 15/15 MP: 6/8
  1368 | D:2      | Reached XP level 3. HP: 19/19 MP: 6/10
  1372 | D:2      | Learned a level 3 spell: Stone Arrow
  1375 | D:2      | Learned a level 2 spell: Passwall
  2069 | D:2      | Reached skill level 1 in Conjurations
  2579 | D:3      | Found Bohicion's General Store.
  2595 | D:3      | Bought a scroll of identify for 28 gold pieces
  2606 | D:3      | Found Ijyiwiado's Assorted Antiques.
  2611 | D:3      | Bought a scroll labelled POCSIE QOEZXUJUBU for 26 gold
                  | pieces
  2611 | D:3      | Bought a scroll labelled ELAUNN HEXOLO for 26 gold pieces
  2616 | D:3      | Found Raleafer's Jewellery Shoppe.
  2638 | D:3      | Reached XP level 4. HP: 24/24 MP: 10/12
  2883 | D:3      | Found Uluzyras's Distillery.
  3215 | D:3      | Found Sibra's Weapon Emporium.
  3370 | D:4      | Noticed Grinder
  3390 | D:4      | Killed from afar by Grinder

Illustrated notes

Levels and vault maps discovered:
D:1:      dpeg_arrival_castle, layout_loops_corners,
          dreamdust_ecumenical_altar_grove, chequers_serial_rivers_room_a
D:2:      layout_basic, minmay_rat_hole
D:3:      layout_loops_ring, serial_shops, shop, shop, nicolae_shop_crystal,
          nicolae_shop_advertising_works [nicolae_subvault_shop_adworks],
          nicolae_shop_waterfront, kennysheep_generic_room_5
D:4:      layout_basic, uniq_grinder

Skill      XL: |  1  2  3  4 |
---------------+-------------+-----
Dodging        | 3 |  3.2
Earth Magic    | 4 |  4.2
Conjurations   | 1 2 |  2.2
Spellcasting   | 4 |  4.2
Fighting       | |  0.7
Short Blades   | |  0.8
Stealth        | |  2.4
Transmutations | |  1.1

Action                   |  1- 3 |  4- 6 || total
-------------------------+-------+-------++-------
Melee: Short sword       |     9 |     4 ||    13
 Cast: Sandblast         |    79 |    21 ||   100
       Stone Arrow       |       |     2 ||     2
  Use: Scroll            |     9 |     1 ||    10
       Potion            |       |     1 ||     1
Armor: Robe              |     7 |     2 ||     9
Dodge: Dodged            |    43 |     6 ||    49

Table legend: (Time is in decaauts)
 A = Elapsed time spent in this place.
 B = Non-inter-level travel time spent in this place.
 C = Inter-level travel time spent in this place.
 D = Time resting spent in this place.
 E = Time spent auto-exploring this place.
 F = Levels seen in this place.
 G = Mean time per level.
                   A        B        C        D        E       F      G
               +--------+--------+--------+--------+--------+-----+--------+
         Total |   3497 |   3379 |    118 |    793 |   2111 |   4 |  874.2 |
       Dungeon |   3497 |   3379 |    118 |    793 |   2111 |   4 |  874.2 |
               +--------+--------+--------+--------+--------+-----+--------+

Top non-repeatable levels by time:
     D:2: 1482 daAuts
     D:1: 1180 daAuts
     D:3: 796 daAuts
     D:4: 38 daAuts
